FSL
ST. LUCIE METS @ CLEARWATER THRESHERS
07/30/2099
 
TOP OF THE 1ST
St. Lucie Mets batting - Pitching for Clearwater Threshers : RHP Willie Ordonez
Pitching: RHP Willie Ordonez
Batting: SHB Martin Fornes 0-0: Fly out, F7 (Line Drive, 7D, EV 91.9 MPH)
Batting: LHB Victor Vargas 0-0: Ball
1-0: Called Strike
1-1: Foul Ball, location: 2F
1-2: Foul Ball, location: 23F
1-2: Strikes out looking
Batting: RHB Ethan Robinson 0-0: Fly out, F9 (Flyball, 89D, EV 101.3 MPH)
Top of the 1st over - 0 runs, 0 hits, 0 errors, 0 left on base; St. Lucie 0 - Clearwater 0
BOTTOM OF THE 1ST
Clearwater Threshers batting - Pitching for St. Lucie Mets : RHP Julio Rolon
Pitching: RHP Julio Rolon
Batting: LHB Omar Buena 0-0: Fly out, F8 (Flyball, 89D, EV 106.3 MPH)
Batting: RHB Melvin Hanks 0-0: Ball
1-0: Ball
2-0: Ball
3-0: Called Strike
3-1: SINGLE (Groundball, 4MD, EV 95.6 MPH)
Batting: RHB George Cantrelle 0-0: Called Strike
0-1: Called Strike
0-2: Ball
1-2: Ball
2-2: SINGLE (Groundball, 34D, EV 98.8 MPH)
Melvin Hanks to second
Runner from 2nd tries for 3rd, SAFE, throw by RF made to third
Batting: LHB Bobby Avila 0-0: Foul Ball, location: 25F
0-1: Hit by Pitch
George Cantrelle to second
Batting: RHB Dan Williams 0-0: Ball
1-0: Ball
2-0: Ball
3-0: Foul Ball, location: 9LMF
3-1: Foul Ball, location: 25F
3-2: SINGLE (Line Drive, 56D, EV 97.5 MPH)
Melvin Hanks scores
George Cantrelle to third
Bobby Avila to second
Batting: LHB Ruben Montanez 0-0: Swinging Strike
0-1: Fly out, F7 (Flyball, 7, EV 83.1 MPH)
Runner from 3rd tags up, SCORES, throw by LF
Bobby Avila to third
Batting: RHB David Motsinger 0-0: Called Strike
0-1: Foul Ball, location: 2F
0-2: Foul Ball, location: 7LMF
0-2: Foul Ball, location: 2F
0-2: Foul Ball, location: 2F
0-2: Ball
1-2: Foul Ball, location: 2F
1-2: Ball
2-2: Ball
3-2: Foul Ball, location: 3F
3-2: Foul Ball, location: 2F
3-2: Ground out 5-3 (Groundball, 56, EV 83.1 MPH)
Bottom of the 1st over - 2 runs, 3 hits, 0 errors, 2 left on base; St. Lucie 0 - Clearwater 2
TOP OF THE 2ND
St. Lucie Mets batting - Pitching for Clearwater Threshers : RHP Willie Ordonez
Batting: LHB Jamie Heath 0-0: Called Strike
0-1: Ball
1-1: Ball
2-1: SOLO HOME RUN (Flyball, 7LD, EV 96.3 MPH), Distance : 366 ft
Batting: RHB Ray Partipilo 0-0: Ball
1-0: Foul Ball, location: 2RF
1-1: Ball
2-1: Foul Ball, location: 2F
2-2: Ball
3-2: Base on Balls
Batting: RHB Craig Dennison 0-0: Ball
1-0: Ball
2-0: Ball
3-0: Base on Balls
Ray Partipilo to second
Batting: RHB John Pennell 0-0: Called Strike
0-1: Ball
1-1: Called Strike
1-2: 3-RUN HOME RUN (Flyball, 9D, EV 90.6 MPH), Distance : 347 ft
Batting: RHB Luis Medina 0-0: Fly out, F8 (Line Drive, 8RD, EV 93.8 MPH)
Batting: RHB Willie Alfonso 0-0: Ground out 4-3 (Groundball, 4MD, EV 95.0 MPH)
Batting: SHB Martin Fornes 0-0: Ball
1-0: Ball
2-0: Called Strike
2-1: Called Strike
2-2: Ball
3-2: Foul Ball, location: 2F
3-2: Strikes out swinging, 2-3 out at first.
Top of the 2nd over - 4 runs, 2 hits, 0 errors, 0 left on base; St. Lucie 4 - Clearwater 2
BOTTOM OF THE 2ND
Clearwater Threshers batting - Pitching for St. Lucie Mets : RHP Julio Rolon
Batting: RHB Jose Mendez 0-0: Called Strike
0-1: Foul Ball, location: 2F
0-2: Foul Ball, location: 2LF
0-2: Strikes out swinging
Batting: RHB Heliodoro Resendes 0-0: SINGLE (Flyball, 6MD, EV 95.6 MPH)
Batting: LHB Omar Buena 0-0: Ball
1-0: Called Strike
1-1: Swinging Strike
1-2: Strikes out swinging
Batting: RHB Melvin Hanks 0-0: Fly out, F4 (Line Drive, 34, EV 70.0 MPH)
Bottom of the 2nd over - 0 runs, 1 hit, 0 errors, 1 left on base; St. Lucie 4 - Clearwater 2
TOP OF THE 3RD
St. Lucie Mets batting - Pitching for Clearwater Threshers : RHP Willie Ordonez
Batting: LHB Victor Vargas 0-0: SINGLE (Groundball, 34D, EV 95.0 MPH)
Batting: RHB Ethan Robinson 0-0: Ball
1-0: Ball
2-0: Ball
3-0: Base on Balls
Victor Vargas to second
Batting: LHB Jamie Heath 0-0: Ball
1-0: Ball
2-0: Called Strike
2-1: Foul Ball, location: 5DF
2-2: Ball
3-2: Strikes out swinging
Batting: RHB Ray Partipilo 0-0: Ball
1-0: Foul Ball, location: 23F
1-1: 3-RUN HOME RUN (Flyball, 8LXD, EV 112.5 MPH), Distance : 429 ft
Batting: RHB Craig Dennison 0-0: Ball
1-0: Swinging Strike
1-1: Ground out 4-3 (Groundball, 34, EV 107.5 MPH)
Batting: RHB John Pennell 0-0: Ball
1-0: Called Strike
1-1: Swinging Strike
1-2: Strikes out swinging
Top of the 3rd over - 3 runs, 2 hits, 0 errors, 0 left on base; St. Lucie 7 - Clearwater 2
BOTTOM OF THE 3RD
Clearwater Threshers batting - Pitching for St. Lucie Mets : RHP Julio Rolon
Batting: RHB George Cantrelle 0-0: Ball
1-0: Foul Ball, location: 9LSF
1-1: Called Strike
1-2: Strikes out swinging
Batting: LHB Bobby Avila 0-0: Swinging Strike
0-1: Swinging Strike
0-2: Ground out 4-3 (Groundball, 4, EV 102.5 MPH)
Batting: RHB Dan Williams 0-0: Foul Ball, location: 9LMF
0-1: Called Strike
0-2: Strikes out swinging
Bottom of the 3rd over - 0 runs, 0 hits, 0 errors, 0 left on base; St. Lucie 7 - Clearwater 2
TOP OF THE 4TH
St. Lucie Mets batting - Pitching for Clearwater Threshers : RHP Willie Ordonez
Pitching: RHP Jim Unknown
Batting: RHB Luis Medina 0-0: Ball
1-0: Swinging Strike
1-1: Foul Ball, location: 23F
1-2: Ball
2-2: Hit by Pitch
Batting: RHB Willie Alfonso 0-0: Called Strike
0-1: Called Strike
0-2: Ball
1-2: Ball
2-2: Foul Ball, location: 2F
2-2: Strikes out swinging
Batting: SHB Martin Fornes 0-0: Ball
1-0: Foul Ball, location: 3F
1-1: Ball
2-1: Foul Ball, location: 3FF
2-2: Strikes out swinging
Batting: LHB Victor Vargas 0-0: Ball
1-0: Ball
2-0: Called Strike
2-1: Ball
3-1: Base on Balls
Luis Medina to second
Batting: RHB Ethan Robinson 0-0: Ball
1-0: Ball
2-0: Ball
3-0: Base on Balls
Luis Medina to third
Victor Vargas to second
Batting: LHB Jamie Heath 0-0: Swinging Strike
0-1: Ball
1-1: GRAND SLAM HOME RUN (Flyball, 7D, EV 99.4 MPH), Distance : 394 ft
Pitching: RHP Jim Unknown
Batting: RHB Ray Partipilo 0-0: Ball
1-0: Foul Ball, location: 7LMFF
1-1: Swinging Strike
1-2: Strikes out looking
Top of the 4th over - 4 runs, 1 hit, 0 errors, 0 left on base; St. Lucie 11 - Clearwater 2
BOTTOM OF THE 4TH
Clearwater Threshers batting - Pitching for St. Lucie Mets : RHP Julio Rolon
Batting: LHB Ruben Montanez 0-0: Ball
1-0: Called Strike
1-1: Swinging Strike
1-2: DOUBLE (Groundball, 5L, EV 98.1 MPH)
Batting: RHB David Motsinger 0-0: Fly out, F6 (Flyball, 56D, EV 93.8 MPH)
Batting: RHB Jose Mendez 0-0: Ball
1-0: SINGLE (Line Drive, 7S, EV 98.1 MPH)
Ruben Montanez to third
Batting: RHB Heliodoro Resendes 0-0: Ball
1-0: Foul Ball, location: 2F
1-1: Foul Ball, location: 23FF
1-2: Fly out, F8 (Flyball, 8RD, EV 83.1 MPH)
Runner from 3rd tags up, SCORES, throw by CF
Batting: LHB Omar Buena 0-0: Fly out, F8 (Line Drive, 89M, EV 99.4 MPH)
Bottom of the 4th over - 1 run, 2 hits, 0 errors, 1 left on base; St. Lucie 11 - Clearwater 3
TOP OF THE 5TH
St. Lucie Mets batting - Pitching for Clearwater Threshers : RHP Jim Unknown
Batting: RHB Craig Dennison 0-0: Ball
1-0: Ball
2-0: Foul Ball, location: 9LDF
2-1: Ball
3-1: Ground out 6-3 (Groundball, 6M, EV 103.1 MPH)
Batting: RHB John Pennell 0-0: Ball
1-0: Called Strike
1-1: Called Strike
1-2: DOUBLE (Flyball, 8RD, EV 90.0 MPH)
Batting: RHB Luis Medina 0-0: Called Strike
0-1: Ball
1-1: Ground out 6-3 (Groundball, 6S, EV 80.0 MPH)
Batting: RHB Willie Alfonso 0-0: Swinging Strike
0-1: Called Strike
0-2: Ball
1-2: Strikes out looking
Top of the 5th over - 0 runs, 1 hit, 0 errors, 1 left on base; St. Lucie 11 - Clearwater 3
BOTTOM OF THE 5TH
Clearwater Threshers batting - Pitching for St. Lucie Mets : RHP Julio Rolon
Batting: RHB Melvin Hanks 0-0: Called Strike
0-1: Called Strike
0-2: Foul Ball, location: 5F
0-2: Ball
1-2: Ground out 5-3 (Groundball, 56S, EV 87.5 MPH)
Batting: RHB George Cantrelle 0-0: Ground out 6-3 (Groundball, P, EV 86.9 MPH)
Batting: LHB Bobby Avila 0-0: Ground out 1-3 (Groundball, 23, EV 69.4 MPH)
Bottom of the 5th over - 0 runs, 0 hits, 0 errors, 0 left on base; St. Lucie 11 - Clearwater 3
TOP OF THE 6TH
St. Lucie Mets batting - Pitching for Clearwater Threshers : RHP Jim Unknown
Batting: SHB Martin Fornes 0-0: Called Strike
0-1: SOLO HOME RUN (Flyball, 78XD, EV 108.8 MPH), Distance : 426 ft
Batting: LHB Victor Vargas 0-0: Ball
1-0: Fly out, F9 (Line Drive, 89M, EV 97.5 MPH)
Batting: RHB Ethan Robinson 0-0: Ball
1-0: Ball
2-0: Ball
3-0: Called Strike
3-1: SINGLE (Groundball, 4MD, EV 109.4 MPH)
Batting: LHB Jamie Heath 0-0: Swinging Strike
0-1: Called Strike
0-2: Foul Ball, location: 2F
0-2: Ball
1-2: Ball
2-2: Ball
3-2: Base on Balls
Ethan Robinson to second
Batting: RHB Ray Partipilo 0-0: Foul Ball, location: 5F
0-1: Called Strike
0-2: Foul Ball, location: 2F
0-2: Fly out, F7 (Line Drive, 78S, EV 90.6 MPH)
Batting: RHB Craig Dennison 0-0: Ball
1-0: Ball
2-0: Called Strike
2-1: Fly out, F3 (Popup, 3SF, EV 67.5 MPH)
Top of the 6th over - 1 run, 2 hits, 0 errors, 2 left on base; St. Lucie 12 - Clearwater 3
BOTTOM OF THE 6TH
Clearwater Threshers batting - Pitching for St. Lucie Mets : RHP Julio Rolon
Batting: RHB Dan Williams 0-0: Called Strike
0-1: Ball
1-1: Swinging Strike
1-2: Ball
2-2: Strikes out swinging
Batting: LHB Ruben Montanez 0-0: Ball
1-0: Ball
2-0: Fly out, F7 (Flyball, 78M, EV 75.6 MPH)
Batting: RHB David Motsinger 0-0: Called Strike
0-1: Swinging Strike
0-2: Ball
1-2: Foul Ball, location: 25F
1-2: Strikes out swinging
Bottom of the 6th over - 0 runs, 0 hits, 0 errors, 0 left on base; St. Lucie 12 - Clearwater 3
TOP OF THE 7TH
St. Lucie Mets batting - Pitching for Clearwater Threshers : RHP Jim Unknown
Batting: RHB John Pennell 0-0: Ball
1-0: Ball
2-0: Ball
3-0: Called Strike
3-1: Base on Balls
Pitching: RHP Jim Unknown
Batting: RHB Luis Medina 0-0: Ball
1-0: Foul Ball, location: 2F
1-1: Swinging Strike
1-2: Ball
2-2: Reached via error on a dropped throw from 1B, E1 (Groundball, 34S, EV 70.6 MPH)
John Pennell to second
Batting: RHB Willie Alfonso 0-0: Called Strike
0-1: Ball
1-1: Ball
2-1: Fly out, F7 (Flyball, 78M, EV 86.3 MPH)
Batting: SHB Martin Fornes 0-0: Foul Ball, location: 7LDF
0-1: Swinging Strike
0-2: Strikes out looking
Batting: LHB Victor Vargas 0-0: Ball
1-0: Foul Ball, location: 25F
1-1: Called Strike
1-2: 3-RUN HOME RUN (Flyball, 9D, EV 96.9 MPH), Distance : 362 ft
Batting: RHB Ethan Robinson 0-0: Ball
1-0: Ball
2-0: Foul Ball, location: 2F
2-1: Foul Ball, location: 2F
2-2: SINGLE (Line Drive, 4MD, EV 97.5 MPH)
Batting: LHB Jamie Heath 0-0: SINGLE (Flyball, 89S, EV 93.8 MPH)
Ethan Robinson to second
Runner from 2nd tries for 3rd, SAFE, no throw by CF
Batting: RHB Ray Partipilo 0-0: Called Strike
0-1: Foul Ball, location: 5F
0-2: Foul Ball, location: 5DF
0-2: Ball
1-2: Ball
2-2: Fly out, F6 (Popup, 6M, EV 54.4 MPH)
Top of the 7th over - 3 runs, 3 hits, 1 error, 2 left on base; St. Lucie 15 - Clearwater 3
BOTTOM OF THE 7TH
Clearwater Threshers batting - Pitching for St. Lucie Mets : RHP Julio Rolon
Pinch Hitting: RHB Jim Unknown 0-0: Called Strike
0-1: Fly out, F9 (Flyball, 89M, EV 91.3 MPH)
Batting: RHB Heliodoro Resendes 0-0: Called Strike
0-1: Ground out 6-3 (Groundball, 56, EV 81.9 MPH)
Pinch Hitting: LHB Jim Unknown 0-0: Called Strike
0-1: Ball
1-1: Foul Ball, location: 7LSFF
1-2: SINGLE (Groundball, 6MD, EV 94.4 MPH)
Batting: RHB Melvin Hanks 0-0: Ball
1-0: Foul Ball, location: 2F
1-1: Called Strike
1-2: Ball
2-2: Strikes out swinging
Bottom of the 7th over - 0 runs, 1 hit, 0 errors, 1 left on base; St. Lucie 15 - Clearwater 3
TOP OF THE 8TH
St. Lucie Mets batting - Pitching for Clearwater Threshers : RHP Jim Unknown
Now at 3B: Jim Unknown
Now in LF: Jim Unknown
Batting: RHB Craig Dennison 0-0: Called Strike
0-1: Ball
1-1: Ball
2-1: Ball
3-1: Base on Balls
Batting: RHB John Pennell 0-0: Ball
1-0: Hit by Pitch
Craig Dennison to second
Batting: RHB Luis Medina 0-0: Ball
1-0: Fielders Choice at 2nd, 6-4 (Groundball, 6, EV 86.3 MPH)
Craig Dennison to third
Pinch Hitting: LHB Jake Guzzo 0-0: Ball
1-0: Ball
2-0: Ball
3-0: Called Strike
3-1: Fly out, F8 (Flyball, 89M, EV 98.8 MPH)
Runner from 3rd tags up, SCORES, throw by CF
Batting: SHB Martin Fornes 0-0: Foul Ball, location: 7LDF
0-1: Foul Ball, location: 5DF
0-2: Ball
1-2: Ball
2-2: Ground out 5-3 (Groundball, 56S, EV 66.3 MPH)
Top of the 8th over - 1 run, 0 hits, 0 errors, 1 left on base; St. Lucie 16 - Clearwater 3
BOTTOM OF THE 8TH
Clearwater Threshers batting - Pitching for St. Lucie Mets : RHP Julio Rolon
Now at 3B: Tony Galicia
Batting: RHB George Cantrelle 0-0: Ball
1-0: Foul Ball, location: 2F
1-1: Ground out 4-3 (Groundball, 4, EV 75.6 MPH)
Batting: LHB Bobby Avila 0-0: Ball
1-0: Fly out, F7 (Flyball, 78M, EV 85.6 MPH)
Batting: RHB Dan Williams 0-0: Called Strike
0-1: Ball
1-1: Fly out, F9 (Flyball, 9LS, EV 83.1 MPH)
Bottom of the 8th over - 0 runs, 0 hits, 0 errors, 0 left on base; St. Lucie 16 - Clearwater 3
TOP OF THE 9TH
St. Lucie Mets batting - Pitching for Clearwater Threshers : RHP Jim Unknown
Batting: LHB Victor Vargas 0-0: Ball
1-0: Foul Ball, location: 7LMF
1-1: Ball
2-1: Ball
3-1: Called Strike
3-2: Strikes out looking
Batting: RHB Ethan Robinson 0-0: Ball
1-0: Foul Ball, location: 2F
1-1: DOUBLE (Line Drive, 7LM, EV 108.1 MPH)
Pitching: RHP Jim Unknown
Batting: LHB Jamie Heath 0-0: Ball
1-0: Ball
2-0: Swinging Strike
2-1: Ball
3-1: Base on Balls
DELAY Rain delay of 19 minutes in the 9th inning.
Batting: RHB Ray Partipilo 0-0: Fly out, F9 (Flyball, 89M, EV 86.9 MPH)
Batting: RHB Craig Dennison 0-0: Ball
1-0: Ball
2-0: Called Strike
2-1: Ground out U3 (Groundball, 34S, EV 85.6 MPH)
Top of the 9th over - 0 runs, 1 hit, 0 errors, 2 left on base; St. Lucie 16 - Clearwater 3
BOTTOM OF THE 9TH
Clearwater Threshers batting - Pitching for St. Lucie Mets : RHP Julio Rolon
Batting: LHB Ruben Montanez 0-0: Ball
1-0: Foul Ball, location: 7LDF
1-1: Foul Ball, location: 2F
1-2: Ball
2-2: Ball
3-2: Foul Ball, location: 7LMF
3-2: Fly out, F7 (Flyball, 78D, EV 106.3 MPH)
Pinch Hitting: LHB Jim Unknown 0-0: Fly out, F7 (Flyball, 78D, EV 110.0 MPH)
Batting: RHB Jim Unknown 0-0: Ground out 2-3 (Groundball, 2R, EV 67.5 MPH)
Bottom of the 9th over - 0 runs, 0 hits, 0 errors, 0 left on base; St. Lucie 16 - Clearwater 3
Monday, May 13th , 2024 - OOTP Baseball 24.11 Build 85